Workbook
Name список: Лист1!$B$3:$B$8

Sheet Информация о Чемпионате
A3: Компетенция (основная/юниоры) | B3: Сантехника и отопление
A4: Наименование этапа Чемпионата | B4: Финал чемпионата по профессиональному мастерству "Профессионалы" 2026
A5: Субъект РФ (регион проведения) | B5: г. Санкт-Петербург
A6: Базовая организация расположения конкурсной площадки | B6: КВЦ «ЭКСПОФОРУМ»
A7: Адрес конкурсной площадки | B7: Петербургское ш., 64, корп. 1, посёлок Шушары
A8: Даты проведения | B8: 29.11.2026 - 04.12.2026
A9: Главный эксперт | B9: Леобакин Андрей Петрович
A10: Электронная почта ГЭ | B10: leobakin@gmail.com
A11: Моб.телефон ГЭ | B11: 89373780055
A12: Технический администратор площадки
A13: Электронная почта ТАП
A14: Моб.телефон ТАП
A15: Количество конкурсантов | B15: 15
A16: Количество рабочих мест | B16: 15
A17: Количество экспертов (ГЭ+ЭН+ИЭ+МЭ)+ТАП+Технический ассистент ТАП | B17: 18
A20: ЭН - эксперт-наставник
A21: ГЭ - главный эксперт
A22: ИЭ - индустриальный эксперт
A23: МЭ - международный эксперт
A24: ТАП - технический администратор площадки
A25: Технический ассистент ТАП

Sheet Общая инфраструктура
A1: Инфраструктурный лист для оснащения конкурсной площадки
A2: ='Информация о Чемпионате'!B4 -> Финал чемпионата по профессиональному мастерству "Профессионалы" 2026
A3: по компетенции
A4: ='Информация о Чемпионате'!B3 -> Сантехника и отопление
A5: Основная информация о конкурсной площадке:
A6: Субъект Российской Федерации: | C6: ='Информация о Чемпионате'!B5 -> г. Санкт-Петербург
A7: Базовая организация расположения конкурсной площадки: | D7: ='Информация о Чемпионате'!B6 -> КВЦ «ЭКСПОФОРУМ»
A8: Адрес базовой организации: | C8: ='Информация о Чемпионате'!B7 -> Петербургское ш., 64, корп. 1, посёлок Шушары
A9: Главный эксперт: | C9: ='Информация о Чемпионате'!B9 -> Леобакин Андрей Петрович | E9: ='Информация о Чемпионате'!B10 -> leobakin@gmail.com | G9: ='Информация о Чемпионате'!B11 -> 89373780055
A10: Технический администратор площадки: | C10: ='Информация о Чемпионате'!B12 -> 0 | E10: ='Информация о Чемпионате'!B13 -> 0 | G10: ='Информация о Чемпионате'!B14 -> 0
A11: Количество экспертов (ЭН+ГЭ+ИЭ) + ТАП: | C11: ='Информация о Чемпионате'!B17 -> 18
A12: Количество конкурсантов: | C12: ='Информация о Чемпионате'!B15 -> 15
A13: Количество рабочих мест: | C13: ='Информация о Чемпионате'!B16 -> 15
A14: Даты проведения: | C14: ='Информация о Чемпионате'!B8 -> 29.11.2026 - 04.12.2026
A15: Общая зона конкурсной площадки (оборудование, инструмент, мебель)
A16: Требования к обеспечению зоны (коммуникации, площадь, сети, количество рабочих мест и др.):
A17: Площадь зоны: не менее 780 кв.м.
A18: Освещение: Допустимо верхнее искусственное освещение ( не менее 300 люкс)
A19: Интернет : Подключение ноутбуков к беспроводному интернету (с возможностью подключения к проводному интернету) 3 подключения в Зонах "Скоростного теста" и 2 подключения в местах установки телевизоров
A20: Локальная сеть: не требуется
A21: Электричество: 3 подключения в Зонах "Скоростного теста", 2 подключения в местах установки телевизоров, 1 подключение электронных часов и 1 подключение кулера
A22: Контур заземления для электропитания и сети слаботочных подключений (при необходимости) : не требуется
A23: Покрытие пола: ковролин 780 кв.м на всю зону
A24: Подведение/ отведение ГХВС (при необходимости): не требуется
A25: Подведение сжатого воздуха (при необходимости): не требуется
A26: Обеспечение приточно-вытяжной вентиляцией: не требуется
A27: Особые требования к площадке проведения (из правил компетенции): не требуется
A28: № | B28: Наименование | C28: Краткие (рамочные) технические характеристики | D28: Вид | E28: Количество на одного участника | F28: Единица измерения | G28: Итоговое количество | H28: Рекомендации представителей индустрии (указывается конкретное оборудование) | I28: Ориентировочная стоимость за 1 шт.
A29: 1 | B29: Телевизор | C29: Диагональ 75"/190 4K Ultra HD, 3840x2160, 60 Гц, HDMI х 4, USB х 2, Wi-Fi, LAN | D29: Оборудование | E29: 1 | F29: шт. | G29: 2
A30: 2 | B30: Напольная стойка для телевизора 75" | C30: Напольная стойка c регулируемым по высоте металлическим кронштейном для крепления телевизора. | D30: Оборудование | E30: 1 | F30: шт. | G30: 2
A31: 3 | B31: Кабель HDMI | C31: Кабель дляпередачи аудио-видео сигнала, разъемы HDMI (m) - HDMI (m), длина 30 метров | D31: Оборудование | E31: 1 | F31: шт. | G31: 2
A32: 4 | B32: Ноутбук | C32: диагональ экрана: 15'6; процессор: 2.7 ГГц, intel Core i5 11400H или эквивалент; оперативная память: 16ГБ DDR4; хранилище: 512 SSD; видеокарта: 4 гб, GeForce RTX 3050Ti или эквивалент; предустановленная ОС: Win11/10 или эквивалент Объем SSD накопителя ≥ 480 ГБ | D32: IT-оборудование | E32: 1 | F32: шт. | G32: 3
A33: 5 | B33: Мышь компьютерная | C33: оптическая, проводная, с разрешением в диапазоне от 800 до 1600 dpi | D33: IT-оборудование | E33: 1 | F33: шт. | G33: 3
A34: 6 | B34: Web-камера | C34: Разрешение видео: 3840 х 2160 пикселей Запись видео: 2160p 25 кад/сек Угол обзора: 95 ° Интерфейс: USB2.0 (3.0) | D34: IT-оборудование | E34: 2 | F34: шт. | G34: 3
A35: 7 | B35: Сетевой фильтр | C35: Сетевой фильтр на 6 розеток, 5 м | D35: Оборудование | E35: 1 | F35: шт. | G35: 6
A36: 8 | B36: Кулер для воды 19 л. | C36: Кулер с функцией холодная/горячая вода | D36: Оборудование | E36: 1 | F36: шт. | G36: 1
A37: 9 | B37: Часы электронные | C37: Часы электронные с цифровой индикацией времени, формат: ЧЧ:ММ. Высота цифр 100 мм | D37: Оборудование | E37: 1 | F37: шт. | G37: 1
A38: 10 | B38: Стол | C38: 1400х700х750 мм | D38: Мебель | E38: 1 | F38: шт. | G38: 6
A39: 11 | B39: Стул | C39: Cтул офисный со спинкой на ножках | D39: Мебель | E39: 1 | F39: шт. | G39: 12
A40: 12 | B40: Мусорная корзина | C40: Корзина для бумаг и мусора 10 литров, пластик, сетчатая, микс | D40: Мебель | E40: 1 | F40: шт. | G40: 1
A41: 13 | B41: Мусорный контейнер пластиковый | C41: Контейнер для мусора на колесиках, объем 120 литров, с крышкой | D41: Мебель | E41: 1 | F41: шт. | G41: 4
A42: 4 | B42: Метр складной деревянный, 2м х 16 мм | C42: Длина измерительной ленты 2 м Класс точности 3 Материал измерительной поверхности дерево Ширина, см 1.6 Габариты, мм 247x16x37 Вес, кг 0.134 | D42: Инструменты для проведения оценки | E42: 1 | F42: шт. | G42: =E42 -> 1
A43: 5 | B43: Цифровой уровень Mini + элементы питания | C43: Функции: Измерения в градусах, мм/м, %, in/ft Автоматическая калибровка ЖК экран с подсветкой Магниты в основании Автоматическое отключение Характеристики Автоматическое отключение питания, мин 5 Диапазон углового измерения 4x90 Источник питания 2 батареи AAA, 1.5 В Рабочая температура, °С -10...+50 Точность, dB ±0.15° Шаг измерения, dB 0.05° Комплект поставки Цифровой уровень - 1 шт. Чехол - 1 шт. Батареи - 1 шт. Инструкция - 1 шт. | D43: Инструменты для проведения оценки | E43: 1 | F43: шт. | G43: =E43 -> 1
A44: 6 | B44: Угольник разметочный 165*305 | C44: Угольник разметочный 165*305 Длина большей стороны 305 мм (разметка на 300 мм), ширина 50 мм, толщина 3 мм Длина меньшей стороны 165 мм, ширина 40 мм, толщина 12 мм. Анодированное антикоррозийное покрытие; Лазерная гравировка шкалы; | D44: Инструменты для проведения оценки | E44: 2 | F44: шт. | G44: =E44 -> 2
A45: 7 | B45: Электронный угломер 30 | C45: Сосотоит из двух металлических линеек и ЖК цифрового дисплея. Плечи угломера при выставлении в одну линию (раскрытии на 180°) образуют обычную линейку для измерения расстояний. Рабочий диапазон °0...360, Разрешение°0,1, Питание/время работы1 батарея 3V CR 2032, Точность измерения 0,3°. | D45: Инструменты для проведения оценки | E45: 1 | F45: шт. | G45: =E45 -> 1
A46: 8 | B46: Штангенциркуль с цифровой индикацией | C46: Максимальная величина измерения 150 мм Цена деления 0.01 мм | D46: Инструменты для проведения оценки | E46: 1 | F46: шт. | G46: =E46 -> 1
A47: 10 | B47: Комплект отверток диэлектрических | C47: Набор отверток диэлектрических до 1000 В, крестовых PH, PZ и шлицевых. | D47: Инструменты для проведения оценки | E47: 1 | F47: шт. | G47: =E47 -> 1
A48: 11 | B48: Комплект шестигранных ключей | C48: Набор шестигранников состоит из 9 размеров SW1,5 - SW10мм. Шестигранники закалены, хромированы, ручки шестигранников длинные, головки скругленные с длинной стороны. Сделаны шестигранники из закаленной спецстали S2. Находятся в пластиковом футляре с креплением на стену. | D48: Инструменты для проведения оценки | E48: 1 | F48: шт. | G48: =E48 -> 1
A49: 13 | B49: Верстак слесарный | C49: Максимальная нагрузка: 1500 кг Область применения: Организация рабочего места на производстве, в мастерской, гараже или учебном заведении. Габаритные размеры без экрана (ВxШxГ): 825x1000x700 мм Толщина столешницы: 24 мм Тип столешницы: фанера, покрытая оцинкованным листовым металлом (ЦФ), Крепление столешницы: Болтами и втулками, установленными на производстве Тип краски: Порошковая эпоксидная краска Устойчива к механическим воздействиям и агрессивным жидкостям: Да Наличие антикоррозийной обработки: Есть Цвет рамы, корпуса тумб, стоек экрана, аксессуаров: Светло-серый (RAL 7038) | D49: Инструменты | E49: 2 | F49: шт. | G49: 2
A50: 14 | B50: Параллельные тиски 140 мм с закаленными углообразными губками предназначенными для зажима труб диаметром 3/4-2" | C50: Стальные кованные тиски с коваными, закаленными углообразными губками для труб, расположенными под параллельными губками. Защищенный, крепкий болт с трапециевидной резьбой, регулируемая двухсторонняя призменная направляющая. Надставка-наковальня для рихтовочных работ. Ширина губок: не менее 140мм, Ширина зажима: не менее 150мм, Глубина зажима: не менее 80мм, Максимальный диаметр зажимаемой трубы: не менее 2 дюймов. Вес: не менее 15,6 кг. | D50: Инструменты | E50: 2 | F50: шт. | G50: 2
A51: 15 | B51: Трубный верстак-тренога с цепными тисками | C51: Складной и переносной верстак с встроенными цепными тисками 6". Имеет крепления для различного инструмента, в том числе есть 3 отверстия для гибки труб 1/2-3/4” или 15 -26 мм, что позволяет подогнуть краевой участок трубы или скорректировать готовый изгиб без дополнительных инструментов. V-образная опора с зубьями и перемычкой предотвращает деформацию трубы при зажиме, износостойкие зажимные губки, кованые и закаленные, прочная зажимная цепь, быстрый зажим при помощи эксцентриковой рукоятки и зажимного болта,V-образная опора для трубы с зубьями и перемычкой предотвращает деформацию трубы при зажимании, сменные губки Технические характеристики: Макс. диаметр трубы (А), дюйм 1/8“ – 2.1/2 Макс. диаметр трубы (А), мм 10 – 76 Вес, кг 3,8 | D51: Инструменты | E51: 1 | F51: шт. | G51: 3
A52: 16 | B52: Труборез для стальных ВГП труб 1.1/4" | C52: Труборезы для стальных труб используются для ручного, быстрого разрезания труб, которые имеют диаметр до 2 дюймов. Режущий диск изготовлен из закаленной высоколегированной стали. Эффективность работы обеспечивается оптимальной передачей усилия на трубу. Широкие ролики: надежный ход режущего диска по трубе, Простая регулировка давления: оптимальная передача усилия на трубу, Закаленный режущий диск из высоколегированной стали: длительный срок службы, Резка без образования грата: сразу после резки можно нарезать резьбу, | D52: Инструменты | E52: 1 | F52: шт. | G52: 3
A53: 17 | B53: Устройство для обработки края резьбы 3/8-2" | C53: Устройство для обработки края резьбы 3/8-2" специализированный ручной инстру-мент рычажного типа. В качестве рабочей части изделия представлены ролики, обеспечивающие равномерную обработку края резьбы по всей окружности трубы. Для обработки острого края резьбы после нарезания ручным клуппом или на станке перед уплотнением льном/фумлентой; Быстрая работа – экономия времени; Вес 1.15 кг. Длина 335 мм | D53: Инструменты | E53: 1 | F53: шт. | G53: 3
A54: 18 | B54: Ручной резьбонарезной клупп для стальных труб 1/2" - 3/4" - 1" - 1.1/4" | C54: Ручной резьбонарезной набор с резьбонарезными головками BSPT, максимальный диаметр трубы 1/2" - 3/4" - 1" - 1.1/4", в комплекте трещотка, вес 5,1 кг. | D54: Инструмент | E54: 1 | F54: шт. | G54: 3
A55: 20 | B55: Ручной гидравлический трубогиб с открытой рамой и набором сегментов 3/8 - 2" | C55: Ручной гидравлический трубогиб для точной холодной гибки под углом до 90° стальных труб диаметром до 2", оснащен рамой открытого типа. Мощный гидравлический поршень (150 кН) и система быстрого обратного хода поршня обеспечивают высокую производительность. Для удобства в работе может устанавливаться на треногу. | D55: Оборудование | E55: 1 | F55: шт. | G55: 3
A56: 9 | B56: Пила сабельная аккумуляторная в комплекте с 2-мя АКБ и зарядным устройством | C56: Тип двигателя: бесщёточный. Тип питания Аккумуляторный. Глубина распила (дерево) (max) 255 мм. Глубина распила (металлическая труба) (max) 130 мм. Наличие подсветки. Бесключевая замена оснастки. Электронная регулировка оборотов. Тип аккумулятора: Li‑Ion. Напряжение аккумулятора: 18 В. Ёмкость аккумулятора: не указана (А·ч). | D56: Оборудование и инструменты | E56: 1 | F56: шт. | G56: 3
A57: 47 | B57: Емкость прямоугольная 60л | C57: Объем 60 л Материал полипропилен (ВхШхГ) 700x390x280 мм Форма прямоугольная | D57: Хоз. Инвентарь | E57: 1 | F57: шт. | G57: 3
A58: 22 | B58: Щетка для очистки верстака, малая | C58: Тип:щетка-сметка Материал рукояти:дерево Материал щетины:ПЭТ Жесткость щетины:жёсткая Количество рядов:4 Цвет щетки:зеленый/бежевый | D58: Хоз. Инвентарь | E58: 2 | F58: шт. | G58: 2
A59: 23 | B59: Щетка для очистки пола, на длинной ручке | C59: Тип:щетка-веник Уличная:нет Назначение:для пола Наличие ручки:есть Материал рукояти:пластик Длина ручки:1170 мм Диаметр и тип крепления для ручки/черенка:22 мм | D59: Хоз. Инвентарь | E59: 1 | F59: шт. | G59: =E59 -> 1
A60: 24 | B60: Совок для очистки | C60: Тип:совок Ширина рабочей части:225 мм Наличие ручки:есть Материал рукояти:пластик Длина:240 мм | D60: Хоз. Инвентарь | E60: 1 | F60: шт. | G60: =E60 -> 1
A61: 25 | B61: Часы настенные | C61: Материал корпуса:пластик Цвет корпуса:черный Цвет циферблата:черный Высота:102 мм Ширина:220 мм Толщина:37 мм | D61: Хоз. Инвентарь | E61: 1 | F61: шт. | G61: =E61 -> 1
A62: 26 | B62: Цифровая информационная Стелла компетенции | C62: Габаритный размер 2500мм*1000мм* 150мм, Материалы изготовления каркаса должны соответствовать ГОСТ, СНИП, Сан ПИН для проведения массовых мероприятий, Визуальное оформление выполнено в соответствии с фирменным стилем мероприятия. Включает профессиональную панель с экраном высокой яркости с диагональю 55˝, оснащённый матрицей Ultra НD и поддерживающий работу в режиме 24/7. Служит для демонстрации мультимедийного контента в общественных зонах . Экран: 55”, 60 Гц, яркость — 500 нит, разрешение — 3840×2160; Чипсет: ARM Cortex A55 × 4 или эквивалент; Память: RAM — 4 Гб, ROM — 32 Гб; Динамики: Формат звука — 2.1, количество — 2 × 10 Вт; Поддерживаемые интерфейсы: USB-C IN × 1, HDMI IN × 2, HDMI OUT × 1 (4k@30 Hz, 2.3), AUDIO OUT × 1, SPDIF OUT × 1, USB 2.0 × 1, USB 3.0 × 1, RS232 × 1 , RJ45 × 1 (10/100/1000M). Материалы изготовления каркаса соответствуют ГОСТ, СНИП, Сан ПИН для проведения массовых мероприятий. | D62: IT-оборудование | E62: 1 | F62: шт. | G62: 1
A63: Программное обеспечение
A64: 1 | B64: Офисный пакет приложений | C64: Набор программных продуктов, которые предназначены для обработки на компьютере документов в электронном формате. | D64: ПО | E64: 1 | F64: шт. | G64: 3
A65: 2 | B65: Пакет приложений для видеофайлов | C65: Набор программных продуктов, для захвата видео с экрана, обработки и создания роликов, трансляции видео по сети | D65: ПО | E65: 1 | F65: шт. | G65: 3
A66: Брифинг зона (оборудование, инструмент, мебель)
A67: Требования к обеспечению зоны (коммуникации, площадь, сети, количество рабочих мест и др.):
A68: Площадь зоны: не менее 48 кв.м.
A69: Освещение: Допустимо верхнее искусственное освещение ( не менее 300 люкс)
A70: Интернет : Подключение ноутбука к беспроводному интернету (с возможностью подключения к проводному интернету)
A71: Локальная сеть: не требуется
A72: Электричество: 1 подключение для ноутбука, 1 подключение для телевизора, 1 подключение общей инфраструктуры
A73: Контур заземления для электропитания и сети слаботочных подключений (при необходимости) : не требуется
A74: Покрытие пола: ковролин 48 кв.м на всю зону
A75: Подведение/ отведение ГХВС (при необходимости): не требуется
A76: Подведение сжатого воздуха (при необходимости): не требуется
A77: Обеспечение приточно-вытяжной вентиляцией: не требуется
A78: Особые требования к площадке проведения (из правил компетенции): не требуется
A79: № | B79: Наименование | C79: Краткие (рамочные) технические характеристики | D79: Вид | E79: Количество на одного участника | F79: Единица измерения | G79: Итоговое количество | H79: Рекомендации представителей индустрии (указывается конкретное оборудование) | I79: Ориентировочная стоимость за 1 шт.
A80: 1 | B80: Ноутбук | C80: диагональ экрана: 15'6; процессор: 2.7 ГГц, intel Core i5 11400H или эквивалент; оперативная память: 16ГБ DDR4; хранилище: 512 SSD; видеокарта: 4 гб, GeForce RTX 3050Ti или эквивалент; предустановленная ОС: Win11/10 или эквивалент Объем SSD накопителя ≥ 480 ГБ | D80: IT-оборудование | E80: 1 | F80: шт. | G80: 1
A81: 2 | B81: Мышь компьютерная | C81: оптическая, проводная, с разрешением в диапазоне от 800 до 1600 dpi | D81: IT-оборудование | E81: 1 | F81: шт. | G81: 1
A82: 3 | B82: Телевизор | C82: Диагональ 75"/190 4K Ultra HD, 3840x2160, 60 Гц, HDMI х 4, USB х 2, Wi-Fi, LAN | D82: Оборудование | E82: 1 | F82: шт. | G82: 1
A83: 4 | B83: Напольная стойка для телевизора 75" | C83: Напольная стойка c регулируемым по высоте металлическим кронштейном для крепления телевизора. | D83: Оборудование | E83: 1 | F83: шт. | G83: 1
A84: 5 | B84: Кабель HDMI | C84: Кабель дляпередачи аудио-видео сигнала, разъемы HDMI (m) - HDMI (m), длина 10 метров | D84: Оборудование | E84: 1 | F84: шт. | G84: 1
A85: 6 | B85: Сетевой фильтр | C85: Сетевой фильтр на 6 розеток, 5 м | D85: Оборудование и инструменты | E85: 1 | F85: шт. | G85: 2
A86: 7 | B86: Стол | C86: 1200х600х750 мм | D86: Мебель | E86: 1 | F86: шт. | G86: 17
A87: 8 | B87: Стул | C87: Cтул офисный со спинкой на ножках | D87: Мебель | E87: 1 | F87: шт. | G87: 32
A88: 9 | B88: Стул | C88: Cтул офисный со спинкой на роликах | D88: Мебель | E88: 1 | F88: шт. | G88: 1
A89: 10 | B89: Вешалка гардеробная | C89: Вешалка напольная; 22 крючка | D89: Мебель | E89: 1 | F89: шт. | G89: 1
A90: Программное обеспечение
A91: 1 | B91: Пакет программ САПР и BIM (ТИМ) моделирования | C91: Набор программных продуктов, для обработки файлов с расширениями .dwg, .stp, .rnp | D91: ПО | E91: 1 | F91: шт. | G91: 1
A92: 2 | B92: Офисный пакет приложений | C92: Набор программных продуктов, которые предназначены для обработки на компьютере документов в электронном формате. | D92: ПО | E92: 1 | F92: шт. | G92: 1
A93: 3 | B93: Пакет приложений для видеофайлов | C93: Набор программных продуктов, для захвата видео с экрана, обработки и создания роликов, трансляции видео по сети | D93: ПО | E93: 1 | F93: шт. | G93: 1
A94: Комната Главного эксперта (оборудование, инструмент, мебель)
A95: Требования к обеспечению зоны (коммуникации, площадь, сети, количество рабочих мест и др.):
A96: Площадь зоны: не менее 12 кв.м.
A97: Освещение: Допустимо верхнее искусственное освещение ( не менее 300 люкс)
A98: Интернет : Подключение ноутбука к беспроводному интернету (с возможностью подключения к проводному интернету)
A99: Локальная сеть: не требуется
A100: Электричество: 1 подключение для ноутбука, 1 подключение общей инфраструктуры
...

Sheet Рабочее место конкурсантов
A1: Инфраструктурный лист для оснащения конкурсной площадки
A2: ='Информация о Чемпионате'!B4 -> Финал чемпионата по профессиональному мастерству "Профессионалы" 2026
A3: по компетенции
A4: ='Информация о Чемпионате'!B3 -> Сантехника и отопление
A5: Основная информация о конкурсной площадке:
A6: Субъект Российской Федерации: | C6: ='Информация о Чемпионате'!B5 -> г. Санкт-Петербург
A7: Базовая организация расположения конкурсной площадки: | D7: ='Информация о Чемпионате'!B6 -> КВЦ «ЭКСПОФОРУМ»
A8: Адрес базовой организации: | C8: ='Информация о Чемпионате'!B7 -> Петербургское ш., 64, корп. 1, посёлок Шушары
A9: Главный эксперт: | C9: ='Информация о Чемпионате'!B9 -> Леобакин Андрей Петрович | E9: ='Информация о Чемпионате'!B10 -> leobakin@gmail.com | G9: ='Информация о Чемпионате'!B11 -> 89373780055
A10: Технический администратор площадки: | C10: ='Информация о Чемпионате'!B12 -> 0 | E10: ='Информация о Чемпионате'!B13 -> 0 | G10: ='Информация о Чемпионате'!B14 -> 0
A11: Количество экспертов (ЭН+ГЭ+ИЭ) + ТАП: | C11: ='Информация о Чемпионате'!B17 -> 18
A12: Количество конкурсантов: | C12: ='Информация о Чемпионате'!B15 -> 15
A13: Количество рабочих мест: | C13: ='Информация о Чемпионате'!B16 -> 15
A14: Даты проведения: | C14: ='Информация о Чемпионате'!B8 -> 29.11.2026 - 04.12.2026
A15: Рабочее место Конкурсанта (основное оборудование, вспомогательное оборудование, инструмент (по количеству рабочих мест))
A16: Требования к обеспечению зоны (коммуникации, площадь, сети, количество рабочих мест и др.):
A17: Площадь зоны: не менее 13 кв.м.
A18: Освещение: Допустимо верхнее искусственное освещение ( не менее 300 люкс)
A19: Интернет : Подключение ноутбуков к беспроводному интернету (с возможностью подключения к проводному интернету)
A20: Локальная сеть: не требуется
A21: Электричество: 3 подключения 220В и 1 подключение для электронных часов
A22: Контур заземления для электропитания и сети слаботочных подключений (при необходимости) : не требуется
A23: Покрытие пола: фанерный подиум - 13 кв.м на всю зону
A24: Подведение/ отведение ГХВС (при необходимости): не требуется
A25: Подведение сжатого воздуха (при необходимости): не требуется
A26: Обеспечение приточно-вытяжной вентиляцией: не требуется
A27: Особые требования к площадке проведения (из правил компетенции): Требуется если на площадке не используется компрессор, и необходимо обеспечить каждый пост отдельным выводом (трубопровод + кран) с возможностью подключения к нему гибкого шланга для самостоятельной проверки на герметичность выполняемого задания.
A28: № | B28: Наименование | C28: Краткие (рамочные) технические характеристики | D28: Вид | E28: Количество на одного конкурсанта | F28: Единица измерения | G28: Итоговое количество | H28: Рекомендации представителей индустрии (указывается конкретное оборудование) | I28: Ориентировочная стоимость за 1 шт.
A29: 1 | B29: Верстак слесарный | C29: Максимальная нагрузка: 1500 кг Габаритные размеры без экрана (ВxШxГ): 825x1000x700 мм Толщина столешницы: 24 мм Тип столешницы: фанера, покрытая оцинкованным листовым металлом (ЦФ), Крепление столешницы: Болтами и втулками, установленными на производстве Тип краски: Порошковая эпоксидная краска Устойчива к механическим воздействиям и агрессивным жидкостям | D29: Мебель | E29: 1 | F29: шт (на 1 раб.место) | G29: =E29*$C$13 -> 15
A30: 2 | B30: Параллельные тиски 140 мм с закаленными углообразными губками предназначенными для зажима труб диаметром 3/4-2" | C30: Стальные кованные тиски с коваными, закаленными углообразными губками для труб, расположенными под параллельными губками. Защищенный, крепкий болт с трапециевидной резьбой, регулируемая двухсторонняя призменная направляющая. Надставка-наковальня для рихтовочных работ. Ширина губок: не менее 140мм, Ширина зажима: не менее 150мм, Глубина зажима: не менее 80мм, Максимальный диаметр зажимаемой трубы: не менее 2 дюймов. Вес: не менее 15,6 кг. | D30: Инструмент | E30: 1 | F30: шт (на 1 раб.место) | G30: =E30*$C$13 -> 15
A31: 3 | B31: Телескопический роликовый труборез для нержавеющих стальных труб 1/4“– 1.3/8“ (6 – 35мм) | C31: Телескопический труборез для точной резки нержавеющих стальных труб Ø 1/4“ – 1.5/8“ (6-35 мм).Откидной внутренний гратосниматель, запасной режущий диск в рукоятке: труборез всегда готов к работе, Два направляющих ролика с канавкой: для разреза вплотную к отбортовке. Вес 470 гр. | D31: Инструмент | E31: 1 | F31: шт (на 1 раб.место) | G31: =E31*$C$13 -> 15
A32: 4 | B32: Компактный телескопический роликовый труборез для нержавеющих стальных труб (6 – 30мм) | C32: Компактный телескопический роликовый труборез для точной резки нержавеющих стальных труб Ø6-30 мм в труднодоступных местах | D32: Инструмент | E32: 1 | F32: шт (на 1 раб.место) | G32: =E32*$C$13 -> 15
A33: 5 | B33: Трубогиб для тонкостенных медных и стальных труб с комплектом гибочных сегментов с базовыми пластинами для закрепления в тисках 15-18-22мм, к-т в ящике | C33: Набор представляет собой специализированный комплект универсальных приспособлений для ручной холодной гибки труб. Трубогиб может использоваться с разнообразными материалами: мягкой и твердой медью, тонкостенной медью, тонкостенной сталью, медью и тонкостенной сталью в оболочке, алюминием, латунью, а также бесшовной нержавеющей сталью. Тип привода: ручной (механический). Максимальный угол гиба, град: не менее 180. Толщина стенки трубы, мм: не менее 1. Гибка труб диаметром: 15, 18, 22 мм. Тип профиля: круг | D33: Инструмент | E33: 1 | F33: шт (на 1 раб.место) | G33: =E33*$C$13 -> 15
A34: 6 | B34: Трубогиб арбалетного типа для круглых труб с комплектом гибочных сегментов 12-15-18-22мм, к-т в ящике | C34: Набор представляет собой специализированный комплект универсальных приспособлений для ручной гибки труб. Тип привода: ручной (механический). Максимальный угол гиба, град: не менее 180. Толщина стенки трубы, мм: не менее 1. Гибка труб диаметром: 12, 15, 18, 22 мм. Тип профиля: круг | D34: Инструмент | E34: 1 | F34: шт (на 1 раб.место) | G34: =E34*$C$13 -> 15
A35: 7 | B35: Ножницы для резки металлопластиковых труб 4-мя роликами с игольчатыми подшипниками для вращения трубы во время резки | C35: Инструмент для резки металлополимерных труб Система 4 роликами с игольчатыми подшипниками для вращения трубы во время резки. Ось в стальной втулке с игольчатыми подшипниками. Специальная геометрия края лезвия и покрытие PTFE. Интегрированная система резки гофры без повреждения внутренней трубы (18-35мм). С трехгранными лезвиями с PTFE-покрытием с увеличением времени службы в 3 раза с поворотом лезвия на 120º. | D35: Инструмент | E35: 1 | F35: шт (на 1 раб.место) | G35: =E35*$C$13 -> 15
A36: 8 | B36: Фаскосниматель:внутри и снаружи,3-36,1/8-1.3/8 стальной корпус | C36: Гратосниматель предназначен для зачистки внешних и внутренних кромок труб. Шлифованные ножи изготовлены из закаленной стали. Диаметр обрабатываемых труб от 3 до 36 мм. Возможно применение с адаптером-насадкой для дрели или шуруповерта. Материал резцов: сталь. Материал корпуса: сталь. Материал труб: сталь | D36: Инструмент | E36: 1 | F36: шт (на 1 раб.место) | G36: =E36*$C$13 -> 15
A37: 9 | B37: Адаптер фаскоснимателя | C37: Адаптер фаскоснимателя предназначен для установки на дрель-шуруповерт. Хвостовик, шестигранник | D37: Инструмент | E37: 1 | F37: шт (на 1 раб.место) | G37: =E37*$C$13 -> 15
A38: 10 | B38: Электрогидравлический пресс в комплекте с аккумулятором и зарядным устройством, без пресс-клещей | C38: Электрогидравлический пресс предназначен для соединение трубопроводов из различных материалов специальными пресс-фитингами, методом холодного прессования. Мощность поршня/ход: 32 кН / 40 мм; Номинальный диаметр: Ø12 - 110 мм; Энергопитание: аккумулятор Li-Ion 18 В / 3 A/ч; Блок питания 230 В, 50 - 60 Гц | D38: Инструмент | E38: 1 | F38: шт (на 1 раб.место) | G38: =E38*$C$13 -> 15
A39: 11 | B39: Клещи для пресс-фитинга SV-22, совместимы с электрогидравлическим прессом | C39: Цветовая кодировка и маркировка с указанием размера и пресс-контура: исключение ошибки при выборе клещей, Нумерация партии и поштучное испытание: высокий стандарт качества для материала и пресс-контура, Универсальное крепление: для всех прессов с совместимым креплением для пресс-клещей. Из кованой специальной стали с высоким коэффициентом нагружения: подходит для всех прессов с постоянным усилием обжима 32 – 34 кН, Специальная закалка:высокая степень эластичности и упругости, долговременная защита от коррозии: оптимальное решение для жестких условий эксплуатации на стройке. Размер - для обжима медных труб 22 мм, тип SV/V. | D39: Инструмент | E39: 1 | F39: шт (на 1 раб.место) | G39: =E39*$C$13 -> 15
A40: 12 | B40: Клещи для пресс-фитинга SV-15, совместимы с с электрогидравлическим прессом | C40: Цветовая кодировка и маркировка с указанием размера и пресс-контура: исключение ошибки при выборе клещей, Нумерация партии и поштучное испытание: высокий стандарт качества для материала и пресс-контура, Универсальное крепление: для всех прессов с совместимым креплением для пресс-клещей. Из кованой специальной стали с высоким коэффициентом нагружения: подходит для всех прессов с постоянным усилием обжима 32 – 34 кН, Специальная закалка:высокая степень эластичности и упругости, долговременная защита от коррозии: оптимальное решение для жестких условий эксплуатации на стройке. Размер - для обжима медных труб 15 мм, тип SV/V. | D40: Инструмент | E40: 1 | F40: шт (на 1 раб.место) | G40: =E40*$C$13 -> 15
... A52: 24 | B52: Лестница-стремянка | C52: Лестница-стремянка, 4 ступени | D52: Инструмент | E52: 1 | F52: шт (на 1 раб.место) | G52: =E52*$C$13 -> 15
A53: 25 | B53: Компрессор с гибким шлангом и быстросъемными адаптерами | C53: Компрессор с манометром для обеспечения давления 2 бар, точность измерения давления 0,1 бар. Гибкий шланг длина 5 метров, быстросъесные соединения для присоединения с трубопроводам: 1/2" наружная резьба - 1 шт., 1/2" внутренняя резьба - 1 шт. | D53: Оборудование | E53: 1 | F53: шт (на 1 раб.место) | G53: =E53*'Общая инфраструктура'!$C$13 -> 15
A54: 26 | B54: Профиль из прокатной стали оцинкованный в штангах, совместим с застенными модулями | C54: Стальная профильная труба замкнутого сечения для возведения несущих стеновых конструкций и монтажа застенных модулей для подвесной сантехники и сантехнической арматуры. Толщинга стенки профиля не менее 1 мм. Оцинкованный. Должен быть одного производителя и одной системы с застенными модулями для подвесной сантехники и монтажными элементами для установки сантехнической арматуры. | D54: Материал для застройки рабочего места | E54: 24 | F54: м.пог. (на 1 раб.место) | G54: =E54*$C$13 -> 360
A55: 27 | B55: Соединение угловое, совместимо с профилем из прокатной стали | C55: Соединение угловое для соединения двух отрезков стальной профильной трубы под прямым углом и крепленния застенных модулей для подвесной сантехники. Должен быть одного производителя и одной системы со стальной профильной трубой, застенными модулями для подвесной сантехники и монтажными элементами для установки сантехнической арматуры. | D55: Материал для застройки рабочего места | E55: 40 | F55: шт (на 1 раб.место) | G55: =E55*$C$13 -> 600
A56: 28 | B56: Крепление одинарное, совместимо с профилем из прокатной стали | C56: Монтажный элемент для крепления стальной профильной трубы к несущей стене. Изготовлен из оцинкованной стали. В комплекте должны быть крепежные элементы (дюбель, болт) для крепления к несущей стене. Должен быть одного производителя и одной системы со стальной профильной трубой, застенными модулями для подвесной сантехники и монтажными элементами для установки сантехнической арматуры. | D56: Материал для застройки рабочего места | E56: 20 | F56: шт (на 1 раб.место) | G56: =E56*$C$13 -> 300
A57: 29 | B57: Универсальное соединение, совместимо с профилем из прокатной стали | C57: Монтажный элемент для крепления стальной профильных труб между собой под любым углом. Изготовлен из оцинкованной стали. Должен быть одного производителя и одной системы со стальной профильной трубой, застенными модулями для подвесной сантехники и монтажными элементами для установки сантехнической арматуры. | D57: Материал для застройки рабочего места | E57: 10 | F57: шт (на 1 раб.место) | G57: =E57*$C$13 -> 150
A58: 30 | B58: Фанера 2440*1220*18 шлифованная сорт 2/2 березовая (для застройки стенда рабочего места) | C58: ГОСТ 3916.1-18 Марка: ФСФ Порода древесины: береза Толщина листа: 18 мм Размеры листа: 2500x1250 мм Тип: влагостойкая Сорт: 2/2 Шлифовка: шлифованная (Ш2) | D58: Материал для застройки рабочего места | E58: 9 | F58: шт (на 1 раб.место) | G58: =E58*$C$13 -> 135
A59: 31 | B59: Брус 100*50*3000 строганный | C59: Брус Д*Ш*В мм 3000*100*50 Строганный | D59: Материал для застройки рабочего места | E59: 30 | F59: шт (на 1 раб.место) | G59: =E59*$C$13 -> 450
A60: 32 | B60: Саморез по дереву (гкд / сгд) 3,5х41мм черный (фасовка по 1кг) редкий шаг резьбы (кнр) | C60: Размер 3,5х41 мм черный редкий шаг резьбы | D60: Материал для застройки рабочего места | E60: 1 | F60: кг. (на 1 раб.место) | G60: =E60*$C$13 -> 15
A61: 33 | B61: Саморез по дереву (гкд / сгд) 3,5х55(57)мм черный (фасовка по 1кг) редкий шаг резьбы (кнр) | C61: Размер 3,5х55 мм черный редкий шаг резьбы | D61: Материал для застройки рабочего места | E61: 1 | F61: кг. (на 1 раб.место) | G61: =E61*$C$13 -> 15
A62: 34 | B62: Саморез по дереву (гкд / сгд) 4,8х 89(90)мм черный (фасовка по 1кг) редкий шаг резьбы (кнр) | C62: Размер 4,8х 89 мм черный редкий шаг резьбы | D62: Материал для застройки рабочего места | E62: 1 | F62: кг. (на 1 раб.место) | G62: =E62*$C$13 -> 15
A63: 35 | B63: Крепежный уголок соеденительный 50х 50х35/2,5мм (ku)(ukl-1) | C63: Размер 50х 50х35/2,5мм | D63: Материал для застройки рабочего места | E63: 10 | F63: шт (на 1 раб.место) | G63: =E63*$C$13 -> 150
A64: 36 | B64: Крепежный уголок соеденительный 90х90х65/2,5мм (ku)(ukl-3) | C64: Размер 90х90х65/2,5мм | D64: Материал для застройки рабочего места | E64: 10 | F64: шт (на 1 раб.место) | G64: =E64*$C$13 -> 150
A65: 37 | B65: Эмаль по дереву акриловая ВД-АК-1179(белая) | C65: Тип покрытия: Полуглянцевое Применение Универсальный (для наружных и внутренних работ) и другие. Расход: не менее 10 м2 в 1 слой Подходит для: Универсальный (бетон, металл, дерево и др.) и т.д. | D65: Материал для застройки рабочего места | E65: 4 | F65: кг. (на 1 раб.место) | G65: =E65*$C$13 -> 60
... A78: 50 | B78: Совок для очистки | C78: Тип:совок Ширина рабочей части:225 мм Наличие ручки:есть Материал рукояти:пластик Длина:240 мм | D78: Хоз. Инвентарь | E78: 1 | F78: шт (на 1 раб.место) | G78: =E78*$C$13 -> 15
A79: Охрана труда и техника безопасности
A80: № | B80: Наименование | C80: Краткие (рамочные) технические характеристики | D80: Вид | E80: Количество | F80: Единица измерения | G80: Итоговое количество | H80: Рекомендации представителей индустрии (указывается конкретное оборудование) | I80: Ориентировочная стоимость за 1 шт.
A81: 1 | B81: Спецодежда от общих производственных загрязнений | C81: Брюки+куртка, полукомбинезон+куртка, комбинезон | D81: СИЗ | E81: 1 | F81: комплект (на 1 раб.место) | G81: =E81*$C$13 -> 15
A82: 2 | B82: Обувь с металлическимим или композитными вставками | C82: Сандали, полуботинки, ботинки | D82: СИЗ | E82: 1 | F82: пара (на 1 раб.место) | G82: =E82*$C$13 -> 15
A83: 3 | B83: Очки защитные открытые | C83: Цвет линзы: прозрачный Оптический класс: №1 (не дает искажений, не имеет ограничений по длительности ношения) Материал линзы: поликарбонат Материал оправы: PC (поликарбонат) / BT (Полибутилентерефталат) / TPE (термоэластопласт) Защита: от механических воздействий, УФ-излучения Покрытие: против царапин и запотевания | D83: СИЗ | E83: 1 | F83: шт (на 1 раб.место) | G83: =E83*$C$13 -> 15
A84: 4 | B84: Перчатки трикотажные для защиты от механических рисков (для точных работ) | C84: Для защиты от механических рисков (для точных работ) | D84: СИЗ | E84: 5 | F84: пара (на 1 раб.место) | G84: =E84*$C$13 -> 75
A85: 5 | B85: Верхняя одежда с длинным рукавом | C85: Куртка с длинными рукавами с застёгивающимися или притачными манжетами на резинке | D85: СИЗ | E85: 1 | F85: шт (на 1 раб.место) | G85: =E85*$C$13 -> 15
A86: 6 | B86: Перчатки защитные для работы с открытым пламенем до 300 град. | C86: Крага перчатки выполнена из специальной огнестойкой ткани, сохраняющей форму. Защищает запястный сустав и предплечье от искр и брызг расплавленного металла. Прошитые огнестойкой кевларовой нитью. | D86: СИЗ | E86: 1 | F86: шт (на 1 раб.место) | G86: =E86*$C$13 -> 15
A87: 7 | B87: Хлопчатобумажные перчатки без ПВХ покрытия | C87: Перчатки без ПВХ покрытия используют на производствах и предприятиях, где предусмотрена работа с высокими температурами. | D87: СИЗ | E87: 2 | F87: шт (на 1 раб.место) | G87: =E87*$C$13 -> 30

Sheet Расходные материалы
A1: Инфраструктурный лист для оснащения конкурсной площадки
A2: ='Информация о Чемпионате'!B4 -> Финал чемпионата по профессиональному мастерству "Профессионалы" 2026
A3: по компетенции
A4: ='Информация о Чемпионате'!B3 -> Сантехника и отопление
A5: Основная информация о конкурсной площадке:
A6: Субъект Российской Федерации: | C6: ='Информация о Чемпионате'!B5 -> г. Санкт-Петербург
A7: Базовая организация расположения конкурсной площадки: | D7: ='Информация о Чемпионате'!B6 -> КВЦ «ЭКСПОФОРУМ»
A8: Адрес базовой организации: | C8: ='Информация о Чемпионате'!B7 -> Петербургское ш., 64, корп. 1, посёлок Шушары
A9: Главный эксперт: | C9: ='Информация о Чемпионате'!B9 -> Леобакин Андрей Петрович | E9: ='Информация о Чемпионате'!B10 -> leobakin@gmail.com | G9: ='Информация о Чемпионате'!B11 -> 89373780055
A10: Технический администратор площадки: | C10: ='Информация о Чемпионате'!B12 -> 0 | E10: ='Информация о Чемпионате'!B13 -> 0 | G10: ='Информация о Чемпионате'!B14 -> 0
A11: Количество экспертов (ЭН+ГЭ+ИЭ) + ТАП: | C11: ='Информация о Чемпионате'!B17 -> 18
A12: Количество конкурсантов: | C12: ='Информация о Чемпионате'!B15 -> 15
A13: Количество рабочих мест: | C13: ='Информация о Чемпионате'!B16 -> 15
A14: Даты проведения: | C14: ='Информация о Чемпионате'!B8 -> 29.11.2026 - 04.12.2026
A15: Рабочее место Конкурсанта (расходные материалы по количеству конкурсантов)
A16: № | B16: Наименование | C16: Краткие (рамочные) технические характеристики | D16: Вид | E16: Количество на одного конкурсанта | F16: Единица измерения | G16: Итоговое количество | H16: Рекомендации представителей индустрии (указывается конкретное оборудование) | I16: Ориентировочная стоимость за 1 шт.
A17: 1 | B17: Застенный модуль для установки унитаза (h=1120), совместим с профилем из прокатной стали | C17: Застенный модуль для установки подвесного унитаза. Должен иметь возможность фиксации к несущим конструкциям или к стальной профильной трубе. Ширина застенного модуля должна составлять 500 мм. Конструкция опор модуля должна обеспечивать возможность быстрого крепления к стальной профильной трубе с помощью зажимов без применения каких-либо инструментов. Конструкция модуля должна обеспечивать возможность монтажа подвесных унитазов с межцентровым расстоянием отверстий для монтажа 180 и 230 мм. Сливной клапан бачка должен иметь два режима (объема) смыва с возможностью регулирования объема смываемой воды. Сливной клапан должен иметь механическую систему привода смыва. В комплекте поставки должны быть все необходимые монтажные и переходные элементы для присоединения к системе канализации DN110. Должен быть одного производителя и одной системы со стальной профильной трубой и монтажными элементами для установки сантехнической арматуры. | D17: Расходные материалы | E17: 1 | F17: шт (на 1 конкурсанта) | G17: =E17*$C$13 -> 15
A18: 2 | B18: Монтажный комплект для раковины (h=1120), совместим с профилем из прокатной стали | C18: Монтажный комплект для раковины, совместим с профилем из прокатной стали. Должен иметь возможность фиксации к стальной профильной трубе. Звукоизолированная монтажная пластина для крепления настенных уголков Соединительный отвод DN 40/50 с резиновой муфтой, NW 30/50 (также используется в качестве уплотнения) с защитной заглушкой | D18: Расходные материалы | E18: 1 | F18: шт (на 1 конкурсанта) | G18: =E18*$C$13 -> 15
A19: 3 | B19: Телескопическое крепление для модуля (Того же производителя, что и застенный модуль) | C19: Предназначен для установки в систему стального профиля Комплектация 2 опоры; комплект фиксирующих элементов. | D19: Расходные материалы | E19: 2 | F19: компл (на 1 конкурсанта) | G19: =E19*$C$13 -> 30
A20: 4 | B20: Профиль из прокатной стали оцинкованный, в штангах, совместим с застенными модулями | C20: Стальная профильная труба замкнутого сечения. Материал: Сталь, оцинкованное покрытие. Применяется для возведения несущих стеновых конструкций и монтажа застенных модулей подвесной сантехники и сантехнической арматуры. Должен быть одного производителя и одной системы с застенными модулями для подвесной сантехники и монтажными элементами для установки сантехнической арматуры. Толщинга стенки профиля не менее 1 мм. | D20: Расходные материалы | E20: 9 | F20: м/пог (на 1 конкурсанта) | G20: =E20*$C$13 -> 135
A21: 5 | B21: Соединение угловое, совместимо с профилем из прокатной стали | C21: Соединение угловое для соединения стальной профильной трубы под прямым углом и крепленния застенных модулей для подвесной сантехники. Должен быть одного производителя и одной системы со стальной профильной трубой, застенными модулями для подвесной сантехники и монтажными элементами для установки сантехнической арматуры. | D21: Расходные материалы | E21: 10 | F21: шт (на 1 конкурсанта) | G21: =E21*$C$13 -> 150
A22: 6 | B22: Монтажная пластина для монтажа скрытых и внешних фитингов, совместимо с профилем из прокатной стали | C22: Монтажная пластина из оцинкованной стали для монтажа скрытых и внешних фитингов; в комплекте с крепежными элементами для монтажа профилей TECEprofil, а также монтажа в металлических или деревянных каркасных стенах. | D22: Расходные материалы | E22: 2 | F22: шт (на 1 конкурсанта) | G22: =E22*$C$13 -> 30
A23: 21 | B23: Установочный элемент для крепления резьбовых шпилек M8 совместим с профилем | C23: Установочный элемент предназначен для крепления резьбовых шпилек. Крепеж изготовлен из оцинкованной стали. | D23: Расходные материалы | E23: 6 | F23: шт (на 1 конкурсанта) | G23: =E23*$C$13 -> 90
A24: 21 | B24: Установочный элемент для крепления резьбовых шпилек M10 совместим с профилем | C24: Установочный элемент предназначен для крепления резьбовых шпилек. Крепеж изготовлен из оцинкованной стали. | D24: Расходные материалы | E24: 6 | F24: шт (на 1 конкурсанта) | G24: =E24*$C$13 -> 90
A25: 7 | B25: Тройник канализационный Ø 110х50 мм, 87° | C25: Параметры: Ø 110х50, 87° Тип: Трубы и фасонные части для внутренней канализации Максимальная рабочая температура: +95°С Материал: Полипропилен Цвет: белый ГОСТ: 32414-2013 | D25: Расходные материалы | E25: 1 | F25: шт (на 1 конкурсанта) | G25: =E25*$C$13 -> 15
A26: 8 | B26: Тройник канализационный Ø 110х110 мм, 87° | C26: Параметры: Ø 110х110, 87° Тип: Трубы и фасонные части для внутренней канализации Максимальная рабочая температура: +95°С Материал: Полипропилен Цвет: белый ГОСТ: 32414-2013 | D26: Расходные материалы | E26: 1 | F26: шт (на 1 конкурсанта) | G26: =E26*$C$13 -> 15
A27: 8 | B27: Тройник канализационный Ø 110х50 мм, 45° | C27: Параметры: Ø 110х50 мм, 45° Тип: Трубы и фасонные части для внутренней канализации Максимальная рабочая температура: +95°С Материал: Полипропилен Цвет: белый ГОСТ: 32414-2013 | D27: Расходные материалы | E27: 1 | F27: шт (на 1 конкурсанта) | G27: =E27*$C$13 -> 15
A28: 8 | B28: Тройник канализационный Ø 50х50 мм, 87° | C28: Параметры: Ø 50х50 мм, 87° Тип: Трубы и фасонные части для внутренней канализации Максимальная рабочая температура: +95°С Материал: Полипропилен Цвет: белый ГОСТ: 32414-2013 | D28: Расходные материалы | E28: 1 | F28: шт (на 1 конкурсанта) | G28: =E28*$C$13 -> 15
... A39: 17 | B39: Смазка сантехническая силиконовая 230 мл. | C39: Универсальная смазка в виде спрея, обеспечивает максимальное скольжение деталей при монтаже раструбной канализации. Обладает смазывающими влаговытесняющими свойствами. Смазка образует на обрабатываемых поверхностях слой, обладающий химической инертностью. Диапазон рабочих температур: от -30°C до +150°C Объем 300мл | D39: Расходные материалы | E39: 1 | F39: шт (на 1 конкурсанта) | G39: =E39*$C$13 -> 15
B40: Спрей-смазка сантехническая 300 мл | C40: Универсальная смазка, обеспечивает максимальное скольжение деталей при монтаже раструбной канализации. Обладает смазывающими влаговытесняющими свойствами. Смазка образует на обрабатываемых поверхностях слой, обладающий химической инертностью. Диапазон рабочих температур: от -30°C до +150°C Объем 230мл | D40: Расходные материалы | E40: 1 | F40: шт (на 1 конкурсанта) | G40: =E40*$C$13 -> 15
A41: 18 | B41: Хомут металлический с гайкой и резиновым профилем М8/М10 2" (48-52 мм) 2-х винт. с уплотн. Epdm. | C41: Используется для крепления труб к стенам (верт./горизонт.), к потолку, полу. EPDM профиль для: снижения уровня шума до 15 дБ; уменьшения вибрации; частичной компенсации тепловых расширений; легко и надежно собирается c помощью комбинированных винтов, расположенных по бокам; боковые винты защищены от утери во время сборки посредством пластиковых шайб; гальванизирован для защиты от коррозии (гальванопокрытие толщиной 8–10 микрон). | D41: Расходные материалы | E41: 6 | F41: шт (на 1 конкурсанта) | G41: =E41*$C$13 -> 90
A42: 19 | B42: Хомут металлический с гайкой и резиновым профилем М8/М10 4" (104-112) 2-х винт. с уплотн. Epdm | C42: Используется для крепления труб к стенам (верт./горизонт.), к потолку, полу. EPDM профиль для: снижения уровня шума до 15 дБ в соответствии; уменьшения вибрации; частичной компенсации тепловых расширений; легко и надежно собирается c помощью комбинированных винтов, расположенных по бокам; боковые винты защищены от утери во время сборки посредством пластиковых шайб; гальванизирован для защиты от коррозии (гальванопокрытие толщиной 8–10 микрон). | D42: Расходные материалы | E42: 6 | F42: шт (на 1 конкурсанта) | G42: =E42*$C$13 -> 90
A43: 20 | B43: Шпилька резьбовая М8 (1м) | C43: Шпилька резьбовая с метрической резьбой материал: сталь, класс прочности 4.8 оцинковка: электролитическая. Длинна 1 м. | D43: Расходные материалы | E43: 2 | F43: шт (на 1 конкурсанта) | G43: =E43*$C$13 -> 30
A44: 20 | B44: Шпилька резьбовая М10 (1м) | C44: Шпилька резьбовая с метрической резьбой материал: сталь, класс прочности 4.8 оцинковка: электролитическая. Длинна 1 м. | D44: Расходные материалы | E44: 2 | F44: шт (на 1 конкурсанта) | G44: =E44*$C$13 -> 30
A45: 22 | B45: Подпятник усиленный М8/М10, оцинкованная сталь | C45: Крепежные отверстия размещены под углом 90° с 4-х кратно приваренной соединительной гайкой М8/М10 материал: сталь оцинковка: электролитическая | D45: Расходные материалы | E45: 5 | F45: шт (на 1 конкурсанта) | G45: =E45*$C$13 -> 75
A46: 23 | B46: Саморезы конструкционные (шурупы) Rusconnect | C46: Шуруп Rusconnect CT 06030 с/нарез. д/дерева, прессшайба 6х30. Наконечник острый Шлиц Torx (T, Tx) Покрытие желтопассивированный Диаметр, мм 6 Форма головки плоская пресс-шайба Длина, мм 30 Материал закаленная сталь | D46: Расходные материалы | E46: 10 | F46: шт (на 1 конкурсанта) | G46: =E46*$C$13 -> 150
A47: 25 | B47: Многослойная композитная труба PE-Xc/Al/PE-RT Ø16 (17 х 2,75) | C47: Труба многослойная металлополимерная Параметры: Наружный диаметр, мм 17 Толщина стенки, мм 2,75 Материал PE-X/Al/PE-RT Макс. рабочее давление, бар 10 Макс. рабочая температура, °С 95 Способ соединения: с использованием механического пресс-инструмента для монтажа аксиальных фитингов (с надвижной гильзой) | D47: Расходные материалы | E47: 20 | F47: м/пог (на 1 конкурсанта) | G47: =E47*$C$13 -> 300
A48: 25 | B48: Многослойная композитная труба PE-Xc/Al/PE-RT Ø20 (21 х 3,45) | C48: Труба многослойная металлополимерная Параметры: Наружный диаметр, мм 21 Толщина стенки, мм 3,45 Материал PE-X/Al/PE-RT Макс. рабочее давление, бар 10 Макс. рабочая температура, °С 95 Способ соединения: с использованием механического пресс-инструмента для монтажа аксиальных фитингов (с надвижной гильзой) | D48: Расходные материалы | E48: 10 | F48: м/пог (на 1 конкурсанта) | G48: =E48*$C$13 -> 150
A49: 25 | B49: Многослойная композитная труба PE-Xc/Al/PE-RT Ø25 (26 х 4,00) | C49: Труба многослойная металлополимерная Параметры: Наружный диаметр, мм 26 Толщина стенки, мм 4,00 Материал PE-X/Al/PE-RT Макс. рабочее давление, бар 10 Макс. рабочая температура, °С 95 Способ соединения: с использованием механического пресс-инструмента для монтажа аксиальных фитингов (с надвижной гильзой) | D49: Расходные материалы | E49: 10 | F49: м/пог (на 1 конкурсанта) | G49: =E49*$C$13 -> 150
A50: 50 | B50: Тройник 90°, 16×16×16, латунь, аксиальный фитинг | C50: Тройник для аксиальной запрессовки трубы PE-Xc/Al/PE-RT Тип Тройник Материал Латунь CW617N Макс. рабочее давление, бар 10 Макс. рабочая температура, °С 95 Гарантия, лет 10 Подключение 1, мм 16 Подключение 2, мм 16 Подключение 3, мм 16 | D50: Расходные материалы | E50: 1 | F50: шт (на 1 конкурсанта) | G50: =E50*$C$13 -> 15
A51: 26 | B51: Тройник 90° редукционный 25 × 20 × 25, латунь, аксиальный фитинг | C51: Тройник для аксиальной запрессовки трубы PE-Xc/Al/PE-RT Тип Тройник Материал Латунь CW617N Макс. рабочее давление, бар 10 Макс. рабочая температура, °С 95 Гарантия, лет 10 Подключение 1, мм 25 Подключение 2, мм 20 Подключение 3, мм 25 | D51: Расходные материалы | E51: 4 | F51: шт (на 1 конкурсанта) | G51: =E51*$C$13 -> 60
A52: 49 | B52: Муфта 16х1/2" НР, латунь, аксиальный фитинг | C52: Нипель для аксиальной запрессовки трубы PE-Xc/Al/PE-RT Тип Переходник на резьбу Материал Латунь CW617N Макс. рабочее давление, бар 10 Макс. рабочая температура, °С 95 Подключение 2, дюйм 1/2 Тип резьбы 2 Наружняя Гарантия, лет 10 Подключение 1, мм 16 | D52: Расходные материалы | E52: 1 | F52: шт (на 1 конкурсанта) | G52: =E52*$C$13 -> 15
... A119: 101 | B119: Разъемное соединение для циркуляционных насосов Размер, дюйм 1" x 1 1/2" | C119: Разъемное соединение для циркуляционных насосов Размер, дюйм 1" x 1 1/2" | D119: Расходные материалы | E119: 3 | F119: шт (на 1 конкурсанта) | G119: =E119*$C$13 -> 45
A120: 67 | B120: Циркуляционный насос DN25, Монтажная длинна 180мм | C120: Тип Насосы Присоединительный размер, дюйм 1 1/2 Монтажная длина, мм 180 | D120: Расходные материалы | E120: 3 | F120: шт (на 1 конкурсанта) | G120: =E120*'[1]Расходные материалы'!$C$14 -> 30
A121: 72 | B121: 3-ходовой смесительный клапан, 1" | C121: Клапан смесительный трехходовой поворотный предназначен для смешения и разделения потоков регулируемой среды. Макс. рабочее давление, бар 10 Макс. рабочая температура, °C +110 Материал корпуса Латунь | D121: Расходные материалы | E121: 1 | F121: шт (на 1 конкурсанта) | G121: =E121*$C$13 -> 15
A122: 73 | B122: Балансировочный клапан 1" ВВ | C122: Предназначен для создания дополнительного гидравлического сопротивления заданной величины при гидравлической увязке контуров или ветвей систем водяного отопления и водоснабжения Материал Латунь Резьба НР-НР Размер 1" | D122: Расходные материалы | E122: 1 | F122: шт (на 1 конкурсанта) | G122: =E122*$C$13 -> 15
A123: 74 | B123: Ниппель 1 х 1" НН | C123: Материал Латунь Резьба НР-НР Размер 1" | D123: Расходные материалы | E123: 6 | F123: шт (на 1 конкурсанта) | G123: =E123*$C$13 -> 90
A124: 75 | B124: Муфта переходная (футорка) 3/4х1/2" НВ | C124: Материал Латунь Резьба НР-НР Размер 1" | D124: Расходные материалы | E124: 2 | F124: шт (на 1 конкурсанта) | G124: =E124*$C$13 -> 30
A125: 75 | B125: Муфта переходная (футорка) 1х1/2" НВ | C125: Материал Латунь Резьба НР-НР Размер 1" | D125: Расходные материалы | E125: 2 | F125: шт (на 1 конкурсанта) | G125: =E125*$C$13 -> 30
A126: 76 | B126: Обратный клапан 1" ВВ | C126: Применяется для их защиты от обратного потока транспортируемой среды, обеспечивая проход только в заданном направлении и автоматически перекрывая поток в случае возникновения обратного течения Материал Латунь Резьба НР-НР Размер 1" | D126: Расходные материалы | E126: 2 | F126: шт (на 1 конкурсанта) | G126: =E126*$C$13 -> 30
A127: 77 | B127: Кран шаровой 1" полнопроходной, ВР/ВР, ручка бабочка | C127: Максимальное рабочее давление, бар: 50 Вид арматуры: краны шаровые Тип управления: ручка бабочка Тип соединения: муфта/муфта Минимальная рабочая температура, С: -20 Максимальная рабочая температура, °С: 150 Проход: полный | D127: Расходные материалы | E127: 4 | F127: шт (на 1 конкурсанта) | G127: =E127*$C$13 -> 60
A128: 102 | B128: Автоматический воздухоотводный клапан с запорным клапаном, нехромированный, 1/2" | C128: Материал уплотнения: синтетический каучук NBR. Рабочая температура: от +1°C до +110°C недопустимо замораживание системы. Рабочая среда: вода, этилен/пропиленгликоль. Присоединение: отсечной клапан G 1/2" наружная резьба; воздухоотводчик G 3/8" наружная резьба. | D128: Расходные материалы | E128: 4 | F128: шт (на 1 конкурсанта) | G128: =E128*$C$13 -> 60
A129: 103 | B129: Радиатор панельный стальной 11-500-600, Боковое подключение. | C129: Панельный радиатор ROYAL THERMO COMPACT C11-500-600 RAL9016 НС-1189492, Тип подключения:боковое Цвет:белый Теплоотдача:718 Вт Межосевое расстояние:44.5 см Высота радиаторов:500 мм Длина радиаторов:600 мм Вес нетто:8.368 кг | D129: Расходные материалы | E129: 1 | F129: шт (на 1 конкурсанта) | G129: =E129*$C$13 -> 15
A130: 104 | B130: Радиатор панельный стальной 22-300-600, Нижнее правое подключение. | C130: Панельный радиатор ROYAL THERMO VENTIL COMPACT VC22-300-600 RAL9016 M НС-1453149 Тип 22 Тип подключения нижнее С терморегулятором нет Возможность использования антифриза нет Цвет белый Материал сталь Давление 10 бар Испытательное давление 15 бар Мах рабочее давление 1 МПа Max температура 110 °С Обработка поверхностей сверхстойкая 5-этапная покраска Тепловая мощность при t 75/65°C 839 Вт Теплоотдача 839 Вт Межосевое расстояние 50 см Толщина листа панели радиаторов 1.2 мм Высота радиаторов 300 мм Длина радиаторов 600 мм Глубина 97 мм Диаметр подключения 1/2 Вес нетто 10.583 кг Вид панельные Серия Ventil Compact Тип установки настенный Объем воды в секции 1.91 л Площадь обогрева 8.38 м² Габариты без упаковки 600х300х97 мм | D130: Расходные материалы | E130: 1 | F130: шт (на 1 конкурсанта) | G130: =E130*$C$13 -> 15
A131: 105 | B131: Настенный крепеж для радиаторов до 1600, высота 500 мм | C131: Для радиаторов до 1600, высота 500 мм | D131: Расходные материалы | E131: 1 | F131: шт (на 1 конкурсанта) | G131: =E131*$C$13 -> 15
A132: 106 | B132: Настенный крепеж для радиаторов до 1600, высота 300 мм | C132: Для радиаторов до 1600, высота 300 мм | D132: Расходные материалы | E132: 1 | F132: шт (на 1 конкурсанта) | G132: =E132*$C$13 -> 15
... A185: 13 | B185: Набор для уплотнения резьбы (лен 20гр+паста 80гр) вода | C185: Набор пасты 80г и льна 20г высокой степени очистки. | D185: Расходные материалы | E185: 1 | F185: шт (на 1 конкурсанта) | G185: =E185*$C$13 -> 15
A186: Расходные материалы на всех конкурсантов и экспертов
A187: № | B187: Наименование | C187: Краткие (рамочные) технические характеристики | D187: Вид | E187: Количество на одного участника | F187: Единица измерения | G187: Итоговое количество | H187: Рекомендации представителей индустрии (указывается конкретное оборудование)
A188: 1 | B188: Бумага офисная А4 | C188: 500 листов/пачка | D188: Расходные материалы | E188: 1 | F188: пачка | G188: =E188*$C$13 -> 15
A189: 2 | B189: Бумага офисная А3 | C189: 500 листов/пачка | D189: Расходные материалы | E189: 0.2 | F189: пачка | G189: =E189*$C$13 -> 3
A190: 2 | B190: Степлер канцелярский | C190: До 50 листов, тип и размер скоб для степлера: 24/6, 24/8, 26/6 | D190: Расходные материалы | E190: 1 | F190: шт. | G190: 2
A191: 3 | B191: Скобы к степлеру | C191: 500 шт./упак | D191: Расходные материалы | E191: 1 | F191: упак. | G191: 2
A192: 4 | B192: Файл-вкладыш А4 | C192: 50 шт./упак | D192: Расходные материалы | E192: 1 | F192: упак. | G192: 3
A193: 5 | B193: Папка-планшет с зажимом | C193: А4 | D193: Расходные материалы | E193: 1 | F193: шт. | G193: 20
A194: 5 | B194: Папка-планшет с зажимом | C194: А3 | D194: Расходные материалы | E194: 1 | F194: шт. | G194: 4
A195: 6 | B195: Папка-скоросшиватель | C195: Формат А4 Вид механизма стандартный (усики) Плотность/толщина материала 0.1/0.12 мм Ширина корешка, мм 15 Вместимость до 100 листов | D195: Расходные материалы | E195: 1 | F195: шт. | G195: 20
A196: 7 | B196: Папка на кольцах 75 мм | C196: А4, ПВХ | D196: Расходные материалы | E196: 1 | F196: шт. | G196: 4
A197: 8 | B197: Ручка шариковая | C197: синие чернила, толщина линии 0.5 мм | D197: Расходные материалы | E197: 1 | F197: шт. | G197: 20
A198: 9 | B198: Карандаш простой | C198: Твердость грифеля: HB (ТМ). Материал корпуса: дерево/пластик | D198: Расходные материалы | E198: 1 | F198: шт. | G198: 20
A199: 10 | B199: Точилка | C199: Контейнер для стружки:есть | D199: Расходные материалы | E199: 1 | F199: шт. | G199: 2
A200: 11 | B200: Ластик | C200: Тип материала - термопластичная резина (ТПР) | D200: Расходные материалы | E200: 1 | F200: шт. | G200: 3
A201: 12 | B201: Ножницы канцелярские | C201: Материал - Сталь, Пластик; длина лезвий 21см. | D201: Расходные материалы | E201: 1 | F201: шт. | G201: 5
... A208: 19 | B208: Бумажные стаканчики для горячей воды | C208: Стакан для горячих напитков 250мл, крафт, диаметром 80мм, 50 шт. в упаковке | D208: Расходные материалы | E208: 1 | F208: упак. | G208: 5
A209: Охрана труда
A210: № | B210: Наименование | C210: Краткие (рамочные) технические характеристики | D210: Вид | E210: Количество на одного участника | F210: Единица измерения | G210: Итоговое количество | H210: Рекомендации представителей индустрии (указывается конкретное оборудование) | I210: Рекомендации представителей индустрии (указывается конкретное оборудование)
A211: 1 | B211: Салфетки влажные антибактериальные | C211: Количество в упаковке:150 шт. Материал: нетканый материал | D211: Расходные материалы | E211: 1 | F211: упак. | G211: 3
A212: 2 | B212: Вода питьевая для кулера | C212: Бутыль, объем 19 литров | D212: Расходные материалы | E212: 1 | F212: шт. | G212: 15
A213: 3 | B213: СИЗ | C213: Специальная одежда и обувь | D213: Расходные материалы | E213: 1 | F213: шт. | G213: 1
A214: 4 | B214: Перчатки х/б | C214: Строительные, плотные | D214: Расходные материалы | E214: 1 | F214: шт. | G214: 2

Sheet Личный инструмент конкурсанта
A1: Инфраструктурный лист для оснащения конкурсной площадки
A2: ='Информация о Чемпионате'!B4 -> Финал чемпионата по профессиональному мастерству "Профессионалы" 2026
A3: по компетенции
A4: ='Информация о Чемпионате'!B3 -> Сантехника и отопление
A5: Личный инструмент конкурсанта
A6: № | B6: Наименование | C6: Краткие (рамочные) технические характеристики | D6: Вид | E6: Количество | F6: Единица измерения | G6: Примечание
A7: 1 | B7: Спецодежда от общих производственных загрязнений | C7: Брюки+куртка, полукомбинезон+куртка, комбинезон | D7: СИЗ | E7: 1 | F7: комплект
A8: 2 | B8: Наколенники гелевые профессиональные | C8: Технические характеристики на усмотрение участника | D8: СИЗ | E8: 1 | F8: пара
A9: 3 | B9: Обувь с металлическимим или композитными вставками | C9: Сандали, полуботинки, ботинки | D9: СИЗ | E9: 1 | F9: пара
A10: 4 | B10: Очки защитные открытые | C10: Цвет линзы: прозрачный Оптический класс: №1 (не дает искажений, не имеет ограничений по длительности ношения) Материал линзы: поликарбонат Материал оправы: PC (поликарбонат) / BT (Полибутилентерефталат) / TPE (термоэластопласт) Защита: от механических воздействий, УФ-излучения Покрытие: против царапин и запотевания | D10: СИЗ | E10: 1 | F10: шт
A11: 5 | B11: Перчатки трикотажные для защиты от механических рисков (лотные) | C11: Для защиты от механических рисков (лотные) | D11: СИЗ | E11: 5 | F11: пара
A12: 6 | B12: Перчатки трикотажные для защиты от механических рисков (для точных работ) | C12: Для защиты от механических рисков (для точных работ) | D12: СИЗ | E12: 5 | F12: пара
A13: 7 | B13: Перчатки трикотажные, бесшовные, с полимерным покрытием для защиты от механических рисков (для точных работ) | C13: Для защиты от механических рисков (для точных работ) | D13: СИЗ | E13: 5 | F13: пара
A14: 8 | B14: Перчатки ХБ без полимерного покрытия для работы с высокими температурами | C14: Перчатки без ПВХ покрытия используют на производствах и предприятиях, где предусмотрена работа с высокими температурами. | D14: СИЗ | E14: 1 | F14: пара
A15: 9 | B15: Перчатки защитные для работы с открытым пламенем до 300 град. | C15: Крага перчатки выполнена из специальной огнестойкой ткани, сохраняющей форму. Защищает запястный сустав и предплечье от искр и брызг расплавленного металла. Прошитые огнестойкой кевларовой нитью. | D15: СИЗ | E15: 1 | F15: пара
A16: 10 | B16: Набор отверток PH1, PH2, PH3, PZ1, PZ2, PZ3, шлицевые | C16: Набор отверток с эргономичными рукоятками предназначен для монтажных и демонтажных работ с различными резьбовыми соединениями. В наборе поставляется держатель для отверток. В набор входит: PH1, PH2, PH3, PZ1, PZ2, PZ3, шлицевые | D16: Личный инструмент конкурсанта | E16: 1 | F16: набор
A17: 11 | B17: Ножовка по металлу | C17: Безопасная слесарная лучковая ножовка в комплекте с полотном. Безопасная рукоятка для точного ведения ножовки: уменьшается опасность несчастного случая, в лучке есть место для запасных полотен: инструмент всегда под рукой, в рукоятку встроено быстрозажимное устройство с точной регулировкой: оптимальное натяжение полотна, полотно четырехкратно поворачивается на 90o: удобно работать в труднодоступных местах. Длина 300 мм. Вес 680 гр. | D17: Личный инструмент конкурсанта | E17: 1 | F17: шт
A18: 12 | B18: Полотно по металлу | C18: Из инструментальной стали, из эластичной быстрорежущей стали. Биметаллическое ножовочное безопасное полотно. Отличная гибкость: эластичная быстрорежущая сталь. Полотно 4 HSSE 4 Plus Повышенная твердость зубцов:Твердость около 65 HRC: срок службы, в среднем, увеличен в 4 раза, При очень большой нагрузке: значительно снижается опасность разрушения, Раздельный развод зубьев: точная резка Размер 300, размер зубьев на дюйм - 24, вес - 20 гр. | D18: Личный инструмент конкурсанта | E18: 3 | F18: шт
... A56: 50 | B56: Набор Г-образных "звездочек" | C56: ключи изготовлены из никель-хром-молибденового сплава; в набор входят Г-образные ключи: ТХ8, ТХ10, ТХ15, ТХ20, ТХ25, ТХ 27, ТХ 30, ТХ40 и ТХ50; комплект поставляется в удобном держателе с захватом и четкой маркировкой размеров. | D56: Личный инструмент конкурсанта | E56: 1 | F56: набор
B57: Горелка газовая
A58: 51 | B58: Огнеупорный коврик | C58: Огнеустойчивый коврик 330 х 500 мм. для защиты поверхностей от пламени. | D58: Личный инструмент конкурсанта | E58: 1 | F58: шт
A59: 52 | B59: Чистящие губки для медных труб | C59: Чистящие губки из нетканого материала. Удаляют оксидный слой, ржавчину, поверхностные загрязнения, следы жира и масла: чистка до металлического блеска. | D59: Личный инструмент конкурсанта | E59: 1 | F59: шт
A60: 53 | B60: Цифровой угломер 200-400мм | C60: Электронный угломер предназначен для измерения углов. Имеет встроенный электронный датчик угла, показания с которого отображаются на встроенном ЖК цифровом дисплее. | D60: Личный инструмент конкурсанта | E60: 1 | F60: шт
A61: 54 | B61: Цифровой штангенциркуль | C61: Цифровой штангенциркуль используется для проведения как наружных, так и внутренних измерений различных изделий или заготовок. Измерения производятся с высокой точностью ±0.03 мм. Результаты отображаются на ЖК дисплее с точностью до тысячных. | D61: Личный инструмент конкурсанта | E61: 1 | F61: шт
A62: 55 | B62: Цифровой уровень | C62: Функции: Измерения в градусах, мм/м, %, in/ft Автоматическая калибровка ЖК экран с подсветкой Магниты в основании Автоматическое отключение Характеристики Автоматическое отключение питания, мин 5 Диапазон углового измерения 4x90 Источник питания 2 батареи AAA, 1.5 В Рабочая температура, °С -10...+50 Точность, dB ±0.15° Шаг измерения, dB 0.05° Комплект поставки Цифровой уровень - 1 шт. Чехол - 1 шт. Батареи - 1 шт. Инструкция - 1 шт. | D62: Личный инструмент конкурсанта | E62: 1 | F62: шт
A63: 56 | B63: Цифровой динамометрический ключ + набор насадок | C63: Ключ динамометрический с цифровой индикацией, усилие затяжки 7-135Nm, оснащен дисплеем, на котором отображаются рабочие параметры, и трещоткой. Рифленая ручка предотвращает скольжение руки во время работы. Инструмент имеет посадочный квадрат 3/8 и выполнен из прочной высококачественной стали. Поставляется в надежном футляре для безопасного хранения и транспортировки | D63: Личный инструмент конкурсанта | E63: 1 | F63: шт
A64: 57 | B64: Ящик для инструмента (возможно с колесами) | C64: Съемный лоток DS150 - 158 мм x 336 мм x 550 мм; Съемный внутренний органайзер DS300 - 308 мм x 336 мм x 550 мм; Съемный внутренний органайзер DS400 - 408 мм x 366 мм x 550 мм; Металлическая тележка. | D64: Личный инструмент конкурсанта | E64: 1 | F64: шт
A65: 58 | B65: Трубогиб арбалетного типа | C65: Трубогиб арбалетного типа, с храповым механизмом Внимание! Рекомендованы в комплекте: Сменный гибочный сегмент 18 (допустимые димаметр труб 17, 18 мм / 3/4") 1 шт. Сменный гибочный сегмент 22 (допустимый диаметр труб 20, 21, 22 мм / 7/8") 1 шт. | D65: Личный инструмент конкурсанта | E65: 1 | F65: шт

Sheet Лист1
B2: список
B3: Оборудование и инструменты
B4: Мебель
B5: IT-оборудование
B6: ПО
B7: Охрана труда
B8: Расходные материалы
